Map: Cerulean Fall LE

Players

ellie - Winner!

  • Race: Protoss Protoss
  • Spawn Location: 1:00

BlackSpur

  • Race: Terran Terran
  • League: Diamond
  • Spawn Location: 7:00

VOD

Have the link to the VOD?

Description

Time

  • Played on: Oct. 24, 2018, 11:14 p.m.
  • Length: 17:34
Show
View Real Time Build Order
Export as new Build Order

ellie Protoss - Winner!

Build Orders:  

Get SALT Encoding   

  12  0:01  Probe  
  13  0:13  Probe  
  14  0:18  Pylon  
  14  0:25  Probe  
  15  0:35  Probe  
  15  0:40  Gateway  
  16  0:43  Probe  
  16  0:48  Assimilator  
  17  0:51  Probe  
  18  1:03  Probe  
  19  1:09  Gateway  
  19  1:15  Probe  
  20  1:27  Cybernetics Core  
  20  1:28  Probe  
  21  1:36  Assimilator  
  21  1:43  Pylon  
  21  1:44  Probe  
  22  1:50  Pylon  
  22  1:54  Stalker  
  22  1:57  Stalker  
  21  2:04  Warp Gate  
  25  2:26  Stalker  
  27  2:46  Nexus  
  27  2:51  Pylon  
  27  3:11  Twilight Council  
  27  3:12  Probe  
  28  3:14  Assimilator  
  28  3:31  Probe  
  29  3:35  Gateway  
  29  3:37  Gateway  
  27  3:43  Probe  
  27  3:45  Shield Battery  
  28  3:49  Charge  
  28  3:55  Probe  
  29  3:57  Probe  
  30  4:05  Probe  
  30  4:07  Probe  
  32  4:11  Sentry  
  32  4:13  Zealot  
  32  4:14  Probe  
  36  4:19  Probe  
  38  4:26  Probe  
  39  4:31  Probe  
  39  4:32  Stalker  
  39  4:33  Stalker  
  44  4:38  Probe  
  44  4:41  Zealot  
  44  4:43  Probe  
  44  4:45  Zealot  
  50  4:50  Probe  
  51  4:58  Robotics Facility  
  51  5:01  Probe  
  51  5:03  Probe  
  53  5:12  Blink  
  53  5:13  Probe, Pylon  
  54  5:17  Pylon  
  54  5:19  Pylon  
  54  5:31  Probe x2  
  54  5:32  Pylon  
  56  5:36  Warp Prism  
  56  5:40  Zealot  
  56  5:41  Zealot  
  60  5:49  Zealot x2  
  66  6:07  Zealot x2  
  70  6:11  Pylon  
  70  6:12  Pylon  
  70  6:22  Pylon  
  70  6:24  Probe  
  70  6:29  Probe  
  70  6:31  Zealot x4  
  79  6:36  Probe, Forge  
  79  6:57  Protoss Ground Weapons Level 1  
  63  7:07  Zealot x4  
  59  7:17  Immortal  
  59  7:24  Gateway x2  
  59  7:27  Pylon  
  63  7:30  Zealot x4  
  71  7:48  Nexus  
  71  7:51  Pylon x2  
  71  7:54  Gateway  
  71  7:55  Gateway  
  71  8:02  Zealot x4  
  69  8:30  Immortal  
  69  8:32  Stalker x4  
  73  8:42  Probe  
  73  8:43  Probe  
  75  8:54  Probe x2  
  76  8:57  Photon Cannon  
  76  9:00  Immortal  
  76  9:02  Assimilator  
  77  9:03  Probe  
  77  9:04  Assimilator  
  82  9:11  Zealot  
  82  9:12  Zealot x2  
  86  9:21  Probe  
  87  9:30  Photon Cannon  
  83  9:31  Zealot x2  
  83  9:32  Zealot  
  83  9:37  Stalker  
  83  9:38  Stalker x3  
  89  9:50  Stalker x2  
  89  9:51  Stalker  
  95  10:02  Stalker  
  95  10:05  Shield Battery  
  97  10:09  Photon Cannon  
  97  10:13  Zealot x2  
  101  10:25  Protoss Ground Weapons Level 2  
  101  10:27  Warp Prism, Probe  
  106  10:33  Templar Archives  
  106  10:41  Probe  
  106  10:42  Probe x2  
  107  10:51  Psionic Storm  
  107  10:53  Probe  
  107  10:54  Photon Cannon  
  108  10:57  Photon Cannon, Immortal  
  108  11:38  Zealot x7  
  108  11:39  Zealot  
  124  11:50  Probe  
  124  11:54  Observer  
  125  12:13  Assimilator  
  125  12:16  Assimilator  
  125  12:21  Photon Cannon, Shield Battery  
  125  12:23  Pylon  
  125  12:26  Observer  
  125  12:31  Protoss Ground Armor Level 1, Nexus  
  117  12:40  Zealot x4  
  125  12:50  Observer  
  118  13:08  High Templar x3  
  124  13:17  Pylon  
  124  13:20  Pylon  
  123  13:50  Zealot x7  
  137  13:55  Protoss Ground Weapons Level 3  
  113  14:26  High Templar x4  
  113  14:27  Probe  
  113  14:28  Probe x2  
  124  14:33  Gateway  
  124  14:35  Gateway  
  124  14:37  Gateway, Stalker x2  
  124  14:38  Stalker x2  
  132  14:39  Probe, Gateway  
  132  14:41  Probe  
  130  15:01  High Templar x3  
  130  15:03  Probe  
  130  15:05  Assimilator  
  137  15:07  Probe  
  137  15:09  Immortal  
  137  15:11  Zealot x2  
  137  15:12  Zealot x3  
  137  15:13  Probe  
  149  15:16  Probe  
  149  15:20  Probe  
  155  15:27  Pylon  
  155  15:31  Pylon  
  155  15:37  Probe, Pylon  
  155  15:39  Pylon  
  155  15:40  Pylon  
  155  15:41  Pylon  
  156  15:45  Probe  
  156  15:48  Immortal  
  149  15:52  Zealot x6  
  149  15:53  Zealot x4  
  159  16:04  Zealot x2  
  161  16:10  Probe  
  162  16:14  Assimilator  
  162  16:17  Zealot x2  
  162  16:18  Zealot x6  
  174  16:19  Zealot x2  
  182  16:27  Probe  
  182  16:28  Immortal  
  187  16:35  Photon Cannon  
  187  16:36  Photon Cannon  
  187  16:39  Photon Cannon  
  187  16:40  Photon Cannon  
  187  16:42  Photon Cannon  
  187  16:45  Photon Cannon  
  187  16:46  Pylon  
  187  16:52  Archon x2  
  171  17:06  Zealot x5  
  171  17:07  Zealot x7, Observer  
  168  17:30  High Templar x5  
  168  17:31  Zealot x3  
Show
View Real Time Build Order
Export as new Build Order

BlackSpur Terran 

Build Orders: MMM Bio 

Get SALT Encoding   

  12  0:00  SCV  
  13  0:12  SCV  
  14  0:17  Supply Depot  
  14  0:25  SCV  
  15  0:30  Refinery  
  15  0:38  SCV  
  16  0:46  Barracks  
  16  0:50  SCV  
  17  1:03  SCV  
  18  1:15  SCV  
  19  1:32  Orbital Command  
  19  1:35  Marine  
  20  1:54  Command Center  
  20  2:00  SCV  
  21  2:06  Factory  
  21  2:13  Barracks Reactor  
  21  2:15  SCV  
  22  2:27  Supply Depot  
  22  2:30  SCV  
  22  2:36  Barracks  
  23  2:49  SCV  
  23  2:51  Marine x2  
  25  2:53  Barracks  
  26  3:00  Cyclone  
  28  3:11  Bunker  
  27  3:25  Barracks Tech Lab  
  26  3:44  Marine x3  
  26  3:45  Stimpack, Barracks Reactor  
  29  3:56  Refinery  
  29  3:59  Orbital Command  
  29  4:02  SCV  
  30  4:09  Marine x2, Marauder  
  33  4:14  SCV  
  33  4:15  Refinery  
  35  4:19  Starport  
  35  4:23  Marine  
  36  4:26  SCV  
  36  4:27  SCV  
  36  4:28  Marine x2  
  36  4:30  Marine  
  41  4:31  Marine  
  41  4:33  Factory Reactor  
  42  4:41  Marine  
  42  4:44  SCV x2  
  45  4:47  Marine  
  46  4:58  Supply Depot  
  46  5:01  Supply Depot  
  46  5:12  SCV x2, Marine x4  
  52  5:16  Medivac  
  52  5:19  Marine  
  52  5:20  Medivac  
  57  5:21  Supply Depot  
  57  5:24  SCV x2, Supply Depot  
  59  5:29  Marine  
  59  5:33  Marine  
  59  5:34  Marine  
  62  5:36  SCV x2, Marine  
  62  5:39  Factory Reactor  
  65  5:53  Marine x4  
  65  5:54  Marine  
  70  6:01  Engineering Bay  
  70  6:11  Marine x4  
  72  6:12  Medivac x2  
  72  6:13  Combat Shields  
  72  6:18  Engineering Bay  
  78  6:29  SCV x2  
  78  6:32  Marine x2  
  82  6:34  Refinery, Marine  
  83  6:41  SCV x2  
  83  6:43  Supply Depot  
  71  7:13  Marine x5  
  71  7:15  Widow Mine x2  
  84  7:17  Supply Depot  
  84  7:20  Viking x2  
  84  7:27  Missile Turret  
  84  7:29  Missile Turret  
  84  7:33  Marine x2  
  84  7:34  Missile Turret x2  
  86  7:51  Supply Depot  
  86  7:53  Supply Depot  
  86  8:04  Medivac x2  
  86  8:05  Marine x3, Marauder  
  73  8:32  Liberator, Marine x5  
  68  8:41  Widow Mine x2  
  71  8:49  Marine  
  71  8:50  Marine x4  
  79  9:07  Marine  
  79  9:08  Marine x2  
  82  9:10  Command Center  
  82  9:28  Liberator x2  
  79  9:40  Marine x5  
  79  9:44  Widow Mine x2  
  93  10:04  Marine x5  
  98  10:22  Marine x4  
  98  10:23  Marauder  
  104  10:29  Terran Infantry Weapons Level 1, Terran Infantry Armor Level 1  
  104  10:30  Barracks  
  104  10:31  Armory  
  87  10:39  Marine  
  87  10:40  Marine x2  
  90  10:43  Widow Mine x2  
  94  10:52  Barracks  
  94  10:54  Barracks  
  94  11:01  SCV  
  94  11:02  Orbital Command  
  95  11:11  Marine x4  
  95  11:12  Marauder  
  95  11:13  Widow Mine  
  103  11:24  Missile Turret  
  99  11:34  Marine x3  
  99  11:35  Barracks Tech Lab  
  99  11:36  Marauder, Widow Mine x2  
  108  11:43  Barracks Tech Lab, Barracks Reactor  
  108  11:56  Marine x4  
  108  11:57  Marine, Marauder  
  115  12:05  Supply Depot  
  115  12:10  SCV x3, Supply Depot  
  115  12:15  Marauder  
  120  12:19  Marauder  
  122  12:23  Liberator x2  
  108  12:41  Marine  
  108  12:42  Marauder x3  
  108  12:43  Marine x4  
  108  12:44  Marine  
  123  12:59  Marine  
  123  13:01  Marine x5  
  123  13:04  Marauder x3  
  135  13:06  Liberator x2, Concussive Shells  
  135  13:09  Widow Mine x2  
  139  13:17  Marine  
  139  13:19  Marine  
  141  13:25  Marauder x3  
  153  13:28  Supply Depot  
  153  13:43  SCV x3  
  156  13:50  Marauder, Supply Depot  
  156  13:52  Marine x2, Marauder x2  
  156  13:53  Marine  
  165  14:02  Marine x3  
  165  14:04  SCV  
  161  14:10  Marine  
  161  14:11  Marauder  
  161  14:13  Marauder x2  
  138  14:18  Marine x2  
  138  14:20  Marine x3  
  138  14:23  Medivac  
  115  14:28  Marine  
  116  14:33  Marauder  
  116  14:35  Marauder x2  
  122  14:39  Command Center  
  122  14:40  Marine x4  
  122  14:43  Marine  
  127  14:46  Marine  
  127  14:52  Medivac  
  130  14:53  Medivac  
  130  14:56  Widow Mine x2  
  130  14:59  Marine  
  134  15:00  Marine x5  
  139  15:11  Ghost Academy, Terran Infantry Weapons Level 2  
  139  15:19  Marine  
  139  15:20  Marine x5  
  145  15:37  Medivac  
  145  15:38  Marine, Medivac  
  145  15:39  Marine, Marauder x3  
  128  16:03  Marauder x2  
  128  16:04  Marine, Marauder  
  134  16:05  Marine  
  136  16:12  SCV x3  
  136  16:17  Supply Depot  
  139  16:24  SCV x3  
  139  16:25  Marauder x3  
  148  16:28  Marine  
  148  16:29  Marine x4  
  153  16:36  SCV x2  
  155  16:46  Marauder  
  84  17:15  Marine  
  69  17:16  Marine  
Tags
 
Add a new tag
Caveats
  • Supply blocks, unpowered buildings, or Contaminate may cause inaccurate times.
  • Supply counts are checked every 10 seconds.